 Dungeon Crawl Stone Soup version 0.28.0-1-gb440e238dd (webtiles) character file.

Game seed: 13830405202159592874

88 pkoi the Insei (level 4, -1/38 HPs)
             Began as a Draconian Monk on Feb 22, 2022.
             Succumbed to an orc wizard's poison
             ... on level 3 of the Dungeon.
             The game lasted 00:02:30 (2558 turns).

pkoi the Insei (Draconian Monk)                     Turns: 2558, Time: 00:02:31

Health: -1/38      AC:  5    Str: 13    XL:     4   Next: 30%
Magic:  4/4        EV: 13    Int: 13    God:
Gold:   59         SH:  0    Dex: 13    Spells: 3/3 levels left

rFire   . . .      SeeInvis .     - Unarmed
rCold   . . .      Faith    .   (no shield)
rNeg    . . .      Spirit   .   (armour unavailable)
rPois   .          Reflect  .   (helmet restricted)
rElec   .          Harm     .   (no cloak)
rCorr   .          Rampage  .   (no gloves)
Will    .....                   (no boots)
Stlth   ++........              (no amulet)
HPRegen 0.12/turn               d - ring of wizardry
MPRegen 0.09/turn               (no ring)

@: lethally poisoned (-1 -> -17), weak-willed
A: AC +5, unfitting armour, cold-blooded
a: no special abilities


You were on level 3 of the Dungeon.
You visited 1 branch of the dungeon, and saw 3 of its levels.

You collected 59 gold pieces.

Inventory:

Hand Weapons
 f - a +0 whip
Missiles
 e - 4 poisoned darts (quivered)
Jewellery
 d - a ring of wizardry (left hand)
Scrolls
 b - a scroll of vulnerability
 c - a scroll of identify
 g - a scroll of fog
 h - a scroll of summoning


   Skills:
 - Level 3.2 Fighting
 + Level 3.4 Dodging
 - Level 1.7 Stealth
 * Level 4.6 Unarmed Combat


You had 3 spell levels left.
You didn't know any spells.
Your spell library contained the following spells:

 Spells                   Type           Power      Damage    Failure   Level
 Sandblast                Erth           0%         2d4       12%         1
 Passwall                 Tmut/Erth      0%         N/A       19%         2
 Confusing Touch          Hex            0%         N/A       34%         3
 Stone Arrow              Conj/Erth      0%         3d7       34%         3
 Yara's Violent Unravell  Hex/Tmut       0%         3d3       96%         5
 Enfeeble                 Hex            0%         N/A       100%        7


Dungeon Overview and Level Annotations

Branches:
Dungeon (3/15)

Altars:
Makhleb

Shops:
D:1 (

Annotations:
D:3 Robin


Innate Abilities, Weirdness & Mutations

Your plain brown scales are hard. (AC +5)
You cannot fit into any form of body armour.
You are cold-blooded and may be slowed by cold attacks.


Message History

You tail-slap the orc wizard, but do no damage.
The orc wizard is moderately wounded.
You feel sick. The orc wizard misses you.
You hit the orc wizard. You punch the orc wizard.
The orc wizard is heavily wounded.
You feel sick. The orc wizard casts a spell at you. The puff of flame hits you!
* * * LOW HITPOINT WARNING * * *
You hit the orc wizard.
Your tail-slap misses the orc wizard.
The orc wizard is severely wounded.
You feel sick. The orc wizard casts a spell at you.
You resist with significant effort.
You hit the orc wizard.
You tail-slap the orc wizard, but do no damage.
The orc wizard is severely wounded.
The orc wizard closely misses you.
You completely miss the orc wizard.
Your tail-slap misses the orc wizard.
The orc wizard is severely wounded.
You feel sick.
The orc wizard hits you with a +2 dagger of venom.
* * * LOW HITPOINT WARNING * * *
You closely miss the orc wizard.
The orc wizard is severely wounded.
You feel sick.
You are no longer poisoned.
The orc wizard hits you but does no damage.
You are lethally poisoned!
Unknown command.
You completely miss the orc wizard. Your punch misses the orc wizard.
The orc wizard is severely wounded.
* * * LOW HITPOINT WARNING * * *
You feel sick.
The orc wizard hits you with a +2 dagger of venom.
* * * LOW HITPOINT WARNING * * *
You are more poisoned.
You hit the orc wizard.
The orc wizard is severely wounded.
You die...

.###### #.. ...#### #.#
##.g).## #.# .####).## #.#
....##..### #§# ##
###.......######§######....#
#####.......§§§§§§....##.######
###......§§§####...........
##.)§...§@o§....###.....##
.####.....§§§.##.####.........
..........§...§##..###.........
######......§.§###......#######
##........# #####(.#######
#........#######..##.....
#..........)).....##..wo.
###############...##..PPP
#...##..P..


You could see an orc wizard (weak-willed).

Vanquished Creatures
  3 adders
  A worm (D:3)
  A dart slug (D:3)
  4 orcs (D:3)
  2 endoplasms
  2 giant cockroaches
  9 goblins
  5 hobgoblins
  3 jackals (D:2)
  2 quokkas (D:1)
  A ball python (D:2)
  A bat (D:1)
  A frilled lizard (D:2)
  8 kobolds
  4 rats
47 creatures vanquished.

Vanquished Creatures (others)
  3 fungi (D:3)
3 creatures vanquished.

Grand Total: 50 creatures vanquished

Notes
Turn   | Place    | Note
-------+----------+-------------------------------------------
     0 | D:1      | pkoi the Draconian Monk began the quest for the Orb.
     0 | D:1      | Reached XP level 1. HP: 19/19 MP: 1/1
   216 | D:1      | Found Pon Peax's Weapon Boutique.
   412 | D:1      | Reached XP level 2. HP: 26/26 MP: 2/2
   610 | D:2      | Found a faded altar of an unknown god.
   975 | D:2      | Reached XP level 3. HP: 31/31 MP: 3/3
  1511 | D:3      | Reached skill level 4 in Unarmed Combat
  1518 | D:3      | Noticed Robin
  1856 | D:2      | Reached XP level 4. HP: 18/38 MP: 4/4
  2242 | D:3      | Found a burning altar of Makhleb.
  2558 | D:3      | Succumbed to an orc wizard's poison

Illustrated notes

Levels and vault maps discovered:
D:1:      lemuel_arrival_cross, layout_basic, serial_shops, shop, serial_glass,
          glass_columns_a, glass_columns_a, glass_columns_a, glass_columns_a,
          glass_columns_b
D:2:      layout_basic, ebering_ecumenical_altar_webs
D:3:      layout_rooms, mainiacjoe_overflow_chevrons, uniq_robin

Skill      XL: |  1  2  3 |
---------------+----------+-----
Dodging        | 3 |  3.4
Unarmed Combat | 4 |  4.6
Fighting       | |  3.2
Stealth        | |  1.7

Action                   |  1- 3 |  4- 6 || total
-------------------------+-------+-------++-------
Melee: Unarmed           |   119 |    48 ||   167
       Tailslap          |     9 |    11 ||    20
       Punch             |     1 |     4 ||     5
  Use: Scroll            |       |     3 ||     3
       Potion            |       |     3 ||     3
 Stab: Sleeping          |     6 |       ||     6
Armor: Skin              |    33 |     6 ||    39
Dodge: Dodged            |    75 |    24 ||    99
